 Dungeon Crawl Stone Soup version 0.29.0-13-gc9e81de378 (webtiles) character file.

Game seed: 2236843918421771163

816 testman the Slasher (level 8, -1/64 HPs)
             Began as a Human Cinder Acolyte on Sept 7, 2022.
             Was a High Priest of Ignis.
             Killed by divine providence
             ... invoked by an orc priest
              (16 damage)
             ... on level 5 of the Dungeon.
             The game lasted 00:13:25 (5831 turns).

testman the Slasher (Human Cinder Acolyte)          Turns: 5831, Time: 00:13:26

Health: -1/64      AC:  7    Str: 14    XL:     8   Next: 16%
Magic:  3/9        EV:  9    Int: 23    God:    Ignis [*****.]
Gold:   173        SH:  8    Dex:  9    Spells: 7/9 levels left

rFire   + . .      SeeInvis .   a - -1 falchion (flame)
rCold   . . .      Faith    .   p - +0 kite shield
rNeg    . . .      Spirit   .   i - +0 leather armour
rPois   .          Reflect  .   (no helmet)
rElec   .          Harm     .   (no cloak)
rCorr   .          Rampage  .   (no gloves)
Will    .....                   (no boots)
Stlth   +.........              (no amulet)
HPRegen 0.20/turn               g - +4 ring of protection
MPRegen 0.11/turn               m - +6 ring of intelligence

@: no status effects
A: no striking features
a: Renounce Religion, Fiery Armour, Foxfire Swarm, Rising Flame


You were on level 5 of the Dungeon.
You worshipped Ignis.
Ignis was extremely pleased with you.
You visited 1 branch of the dungeon, and saw 5 of its levels.

You collected 173 gold pieces.

Inventory:

Hand Weapons
 a - a -1 falchion of flaming (weapon)
 l - a +0 long sword
Missiles
 f - 5 poisoned darts
 o - 5 boomerangs
Armour
 b - a +0 robe
 i - a +0 leather armour (worn)
 p - a +0 kite shield (worn)
Jewellery
 g - a +4 ring of protection (left hand)
 m - a +6 ring of intelligence (right hand)
Scrolls
 d - 5 scrolls of identify {unknown}
 e - 2 scrolls of fear {unknown}
 h - a scroll of acquirement {unknown}
 k - 2 scrolls of teleportation {unknown}
 q - a scroll of amnesia {unknown}
 s - a scroll of blinking {unknown}
Potions
 c - a potion of attraction {unknown}
 j - 3 potions of curing {unknown}
 n - a potion of brilliance {unknown}
 r - a potion of berserk rage {unknown}


   Skills:
 + Level 5.8 Fighting
 + Level 5.8 Long Blades
 + Level 3.8 Shields
 - Level 1.0 Spellcasting
 - Level 4.0 Fire Magic


You had 7 spell levels left.
You knew the following spells:

 Your Spells              Type           Power      Damage    Failure   Level
a - Scorch                Fire           38%        2d6       16%         2

Your spell library contained the following spells:

 Spells                   Type           Power      Damage    Failure   Level


Dungeon Overview and Level Annotations

Branches:
Dungeon (5/15)
 Temple: D:4-7

Altars:
Xom

Shops:
D:3 =


Message History

Press: ? - help, Q - select action, (/) - cycle Dir - look around, f - activate Flames lash the orc.
You kill the orc!
You feel sick.
You hear an angry hiss.
The orc priest looks satisfied for a moment.
The scorpion closely misses you.
You hit the scorpion but do no damage.
The scorpion is almost dead.
You feel sick.
The scorpion is no longer more vulnerable to fire.
An iguana comes into view.
The scorpion barely misses you.
You hit the scorpion. You burn the scorpion.
You kill the scorpion!
You feel sick. You block the orc's attack.
The orc priest mumbles some strange prayers to Beogh against you.
You struggle to resist.
The ufetubus barely misses you. The ufetubus hits you.
You feel sick. The ufetubus hits you. The ufetubus misses you.
The orc attacks as you move away! The orc hits you with a +0 war axe.
The ufetubus attacks as you move away!
The ufetubus hits you but does no damage.
You block the ufetubus's attack.
You feel sick.
The orc priest looks braver for a moment.
The ufetubus attacks as you move away! The ufetubus barely misses you.
You block the ufetubus's attack.
You feel sick.
You are no longer poisoned.
You block the ufetubus's attack. The ufetubus hits you.
* * * LOW HITPOINT WARNING * * *
The orc attacks as you move away! The orc barely misses you.
The ufetubus attacks as you move away! The ufetubus barely misses you.
The ufetubus hits you.
* * * LOW HITPOINT WARNING * * *
The iguana hisses menacingly.
You block the ufetubus's attack.
The ufetubus hits you but does no damage.
The orc attacks as you move away! The orc barely misses you.
The orc priest mumbles some strange prayers to Beogh against you.
Beogh smites you!
You die...

#...†)###.......########
#....o#...#.....#......#
#.....#...+.....'......#
+....o#...#.....#......#
##.....##'##.....#......#
..................#......#
...................#......#
..........5o.......#......#
.........l@........#......#
...................#......#
..................######'#
###########...............
#.......#...............
#.......#...............
#.......#..........÷....
#.......#............<..
#.......#...............


You could see an iguana, an orc priest, 2 orcs and an ufetubus.

Vanquished Creatures
  Sigmund (D:4)
  A black bear (D:4)
  A phantom (D:4)
  A necrophage (D:4)
  2 scorpions (D:5)
  An orc priest (D:3)
  A hound (D:5)
  3 orc wizards
  4 adders
  3 gnolls (D:3)
  5 dart slugs
  12 orcs
  8 endoplasms
  6 giant cockroaches
  4 hobgoblins
  4 jackals
  2 quokkas
  7 ball pythons
  4 bats
  5 frilled lizards
  6 goblins
  2 kobolds
  2 rats
85 creatures vanquished.

Vanquished Creatures (others)
  An orc wizard (D:4)
1 creature vanquished.

Grand Total: 86 creatures vanquished

Notes
Turn   | Place    | Note
-------+----------+-------------------------------------------
     0 | D:1      | testman the Human Cinder Acolyte began the quest for the
                  | Orb.
     0 | D:1      | Reached XP level 1. HP: 18/18 MP: 2/2
   129 | D:1      | Reached XP level 2. HP: 22/24 MP: 3/3
   132 | D:1      | Learned a level 2 spell: Scorch
   928 | D:1      | Found a faded altar of an unknown god.
   997 | D:1      | Reached XP level 3. HP: 26/29 MP: 4/4
  1420 | D:2      | Found a shimmering altar of Xom.
  2617 | D:3      | Reached XP level 4. HP: 37/37 MP: 2/5
  2913 | D:3      | Found Akaesokk's Jewellery Shoppe.
  3009 | D:3      | Reached XP level 5. HP: 42/42 MP: 2/6
  3465 | D:3      | Reached skill level 1 in Shields
  3465 | D:3      | Reached XP level 6. HP: 31/49 MP: 2/7
  4575 | D:4      | Noticed a black bear
  4581 | D:4      | Killed a black bear
  4582 | D:4      | Reached XP level 7. HP: 52/55 MP: 1/8
  4773 | D:4      | Reached skill level 5 in Fighting
  4773 | D:4      | Reached skill level 5 in Long Blades
  5174 | D:4      | Noticed Sigmund
  5181 | D:4      | Killed Sigmund
  5405 | D:5      | Entered Level 5 of the Dungeon
  5519 | D:5      | Reached XP level 8. HP: 20/64 MP: 0/9
  5831 | D:5      | Killed from afar by an orc priest

Illustrated notes

Levels and vault maps discovered:
D:1:      giann_horns, layout_basic, hellmonk_ecumenical_altar_leap_of_faith
D:2:      minmay_recursive_quarters, layout_rooms, basic_altar,
          lemuel_another_geyser
D:3:      layout_loops_ring, serial_rivers, chequers_serial_rivers_large_b,
          chequers_serial_rivers_room_b, chequers_serial_rivers_micro_c,
          chequers_serial_rivers_micro_d, chequers_serial_rivers_small_b,
          serial_shops, nicolae_shop_behind_doors, grunt_ministairs_12,
          st_stairs_9, minmay_box_of_dots
D:4:      layout_basic, serial_curves, eino_curves_03, eino_curves_01,
          uniq_sigmund
D:5:      layout_gridville, minmay_temple_entry_tees, minmay_misc_feat_ornament,
          uniq_blork_the_orc, uniq_pikel, uniq_menkaure, uniq_crazy_yiuf_cottage

Skill      XL: |  1  2  3  4  5  6  7 |
---------------+----------------------+-----
Fighting       | 4 5 |  5.8
Long Blades    | 4 5 |  5.8
Fire Magic     | 4 |  4.0
Shields        | 1 2 3 |  3.8
Spellcasting   | |  1.0

Action                   |  1- 3 |  4- 6 |  7- 9 || total
-------------------------+-------+-------+-------++-------
Melee: Falchion          |   112 |   123 |    54 ||   289
       Punch             |     2 |       |       ||     2
Throw: Dart              |     1 |       |       ||     1
       Boomerang         |       |     1 |       ||     1
 Cast: Scorch            |    11 |    23 |    21 ||    55
Invok: Fiery Armour      |       |       |     1 ||     1
 Stab: Sleeping          |     1 |       |       ||     1
Armor: Robe              |     7 |       |       ||     7
       Leather armour    |    17 |    76 |    28 ||   121
Dodge: Dodged            |    66 |    77 |    27 ||   170
Block: Kite shield       |       |       |    22 ||    22
